 Dungeon Crawl Stone Soup version 0.28.0-43-g3370ac3207 (webtiles) character file.

Game seed: 5425452796265463997

371 crimpus the Skirmisher (level 6, -7/57 HPs)
             Began as a Minotaur Abyssal Knight on Mar 27, 2022.
             Was a Follower of Lugonu.
             Killed from afar by an orc wizard (8 damage)
             ... with a magic dart
             ... on level 4 of the Dungeon.
             The game lasted 00:04:47 (6162 turns).

crimpus the Skirmisher (Minotaur Abyssal Knight)    Turns: 6162, Time: 00:04:48

Health: -7/57      AC:  6    Str: 17 (19) XL:     6   Next: 42%
Magic:  6/6        EV: 23    Int:  4 (7)  God:    Lugonu [*.....]
Gold:   183        SH:  0    Dex: 13 (15) Spells: 5/5 levels left

rFire   . . .      SeeInvis .   l - +0 glaive
rCold   . . .      Faith    .   (shield currently unavailable)
rNeg    . . .      Spirit   .   n - +0 chain mail
rPois   .          Reflect  .   (helmet restricted)
rElec   .          Harm     .   (no cloak)
rCorr   .          Rampage  .   (no gloves)
Will    .....                   (no boots)
Stlth   ..........              c - amulet of the acrobat
HPRegen 0.19/turn               (no ring)
MPRegen 0.10/turn               (no ring)

@: confused, acrobatic, attractive
A: horns 2, retaliatory headbutt, hooves 1, agile 2, deformed body
a: Renounce Religion, Depart the Abyss


You were on level 4 of the Dungeon.
You worshipped Lugonu.
Lugonu was aware of your devotion.
You visited 1 branch of the dungeon, and saw 5 of its levels.
You visited the Abyss 1 time.

You collected 183 gold pieces.

Inventory:

Hand Weapons
 a - a +1 hand axe
 h - a +0 vampiric spear
 l - a +0 glaive (weapon)
Armour
 b - a +0 leather armour
 n - a +0 chain mail (worn)
Jewellery
 c - an amulet of the acrobat (around neck)
Wands
 m - a wand of flame (3)
Scrolls
 g - a scroll of fog
 k - a scroll of noise
Potions
 r - 2 potions of attraction


   Skills:
 + Level 6.0 Fighting
 - Level 2.6 Axes
 + Level 5.7 Armour
 + Level 2.7 Dodging
 + Level 2.1 Invocations


You had 5 spell levels left.
You didn't know any spells.
Your spell library was empty.

Dungeon Overview and Level Annotations

Branches:
Dungeon (5/15)
 Temple: D:4-7

Altars:

Annotations:
D:4 2 runed translucent doors, issech's ghost, amateur TrMo


Innate Abilities, Weirdness & Mutations

You have a pair of horns on your head.
You reflexively headbutt those who attack you in melee.
You have large cloven feet.
You are very agile. (Dex +4)
Armour fits poorly on your strangely shaped body.


Message History

It was a potion of attraction.
You feel attractive to monsters. The hound bites you but does no damage.
The orc priest hits you with a +0 hand axe.
* * * LOW HITPOINT WARNING * * *
Something hits you but does no damage. The hound misses you.
You furiously retaliate!
You headbutt the hound. Something hits you but does no damage.
The hound closely misses you. The hound bites you but does no damage.
You feel better. The hound bites you.
You hear some strange, mumbled words.
You are confused.
The orc priest hits you with a +0 hand axe.
* * * LOW HITPOINT WARNING * * *
The hound bites you.
* * * LOW HITPOINT WARNING * * *
You barely miss the orc priest. Your kick misses the orc priest.
The hound bites you.
* * * LOW HITPOINT WARNING * * *
Something hits you.
* * * LOW HITPOINT WARNING * * *
The orc priest hits you with a +0 hand axe.
* * * LOW HITPOINT WARNING * * *
The hound barely misses you. Something hits you but does no damage.
The orc priest closely misses you.
You miss the orc priest. Your kick misses the orc priest.
The hound bites you but does no damage. The hound bites you.
* * * LOW HITPOINT WARNING * * *
You hear some strange, mumbled words.
You are more confused.
The orc priest hits you but does no damage.
The hound bites you.
* * * LOW HITPOINT WARNING * * *
Unknown command.
Unknown command.
The orc priest is attracted toward you.
The orc priest casts a cantrip, but nothing happens.
A magic dart appears from out of thin air!
The magic dart hits you!
You die...

#..........#
#.......##.# ########
#####'####.###.......
#.# #...'.......
#.########.......
#>...............
#.§..............
###o......#.......
#@.{......#.......
#..h...####.......
###++### #.......
#W......# ##......
#.≈⌠≈#..## #.#.###
#≈#..≈≈.# ##+#..#
##.≈[≈.#.# #.....#
###.#.### #.....##
##### #...<...


You could see a hound, an orc priest and issech's ghost.

Vanquished Creatures
  A scorpion (D:4)
  A howler monkey (D:4)
  2 hounds
  An iguana (D:4)
  An orc wizard (D:5)
  Terence (D:3)
  2 hound skeletons (D:4)
  2 adders
  5 gnolls
  An ufetubus (D:4)
  A dart slug (D:3)
  An orc (D:4)
  5 ball pythons
  7 endoplasms
  2 giant cockroaches
  2 goblins
  5 hobgoblins
  3 jackals (D:1)
  5 kobolds
  2 bats
  A frilled lizard (D:1)
  5 rats
56 creatures vanquished.

Notes
Turn   | Place    | Note
-------+----------+-------------------------------------------
     0 | Abyss:1  | crimpus the Minotaur Abyssal Knight began the quest for the
                  | Orb.
     0 | Abyss:1  | Reached XP level 1. HP: 19/19 MP: 1/1
    10 | Abyss:1  | Found a hazy altar of Hepliaklqana.
    35 | Abyss:1  | Noticed a wight
    41 | D:1      | Escaped the Abyss
   408 | D:1      | Reached XP level 2. HP: 25/26 MP: 2/2
   427 | D:1      | Reached skill level 4 in Fighting
   444 | D:1      | Reached * piety under Lugonu
   762 | D:1      | Reached XP level 3. HP: 8/34 MP: 3/3
  2958 | D:2      | Reached skill level 5 in Fighting
  2958 | D:2      | Reached XP level 4. HP: 22/42 MP: 4/4
  4131 | D:3      | Noticed Terence
  4136 | D:3      | Killed Terence
  4553 | D:3      | You fall into a shaft and drop 2 floors!
  4553 | D:5      | Entered Level 5 of the Dungeon
  4559 | D:5      | Reached XP level 5. HP: 30/48 MP: 5/5
  5388 | D:4      | Reached skill level 5 in Armour
  5413 | D:4      | Reached XP level 6. HP: 55/57 MP: 6/6
  5467 | D:4      | Reached skill level 6 in Fighting
  5734 | D:4      | Found a large runed translucent door.
  5736 | D:4      | Found a large runed translucent door.
  5741 | D:4      | Noticed issech's ghost (amateur TrMo)
  6154 | D:4      | Gained mutation: Armour fits poorly on your strangely
                  | shaped body. [potion of mutation]
  6154 | D:4      | Gained mutation: You have large cloven feet. [potion of
                  | mutation]
  6154 | D:4      | Gained mutation: You are agile. (Dex +2) [potion of
                  | mutation]
  6154 | D:4      | Gained mutation: You are very agile. (Dex +4) [potion of
                  | mutation]
  6160 | D:4      | HP: 1/57 [hound (3)]
  6162 | D:4      | Killed from afar by an orc wizard

Illustrated notes

Levels and vault maps discovered:
D:1:      psy_arrival_terrarium, layout_loops_cross
D:2:      layout_basic, serial_corexii_hall, corexii_hall_statues_l,
          corexii_hall_statues_i
D:3:      layout_basic, uniq_crazy_yiuf_cottage, uniq_terence
D:4:      layout_basic, ebering_ghost_disaster_area
D:5:      kennysheep_steamy, layout_basic, kennysheep_generic_room_8

Skill      XL: |  1  2  3  4  5  6 |
---------------+-------------------+-----
Fighting       | 4 5 6 |  6.0
Armour         | 3 4 5 |  5.7
Invocations    | 2 |  2.1
Dodging        | 2 |  2.7
Axes           | |  2.6

Action                   |  1- 3 |  4- 6 || total
-------------------------+-------+-------++-------
Melee: Hand axe          |    41 |       ||    41
       Headbutt          |     8 |     5 ||    13
       Punch             |     1 |       ||     1
       Spear             |    34 |    12 ||    46
       Glaive            |       |    70 ||    70
Invok: Depart the Abyss  |     1 |       ||     1
  Use: Scroll            |     1 |     4 ||     5
       Potion            |       |     8 ||     8
Armor: Leather armour    |     7 |     4 ||    11
       Chain mail        |       |    65 ||    65
Dodge: Dodged            |    33 |    61 ||    94
